 Dungeon Crawl Stone Soup version 0.31.0-11-ge490571c62 (webtiles) character file.

Game seed: 14809403146815087674

139 qw the Skirmisher (level 5, -4/27 (29) HPs)
             Began as a Deep Elf Hunter on Feb 3, 2024.
             Killed from afar by Edmund (5 damage)
             ... with a puff of flame
             ... on level 3 of the Dungeon.
             The game lasted 00:00:07 (2295 turns).

qw the Skirmisher (Deep Elf Hunter)                 Turns: 2295, Time: 00:00:08

HP:   -4/27 (29)    AC:  5    Str: 16    XL:     5   Next: 1%
MP:   7/7           EV: 11    Int: 14    God:
Gold: 111           SH:  0    Dex: 18    Spells: 4/4 levels left

rFire   . . .        a - +0 shortbow
rCold   . . .        (shield currently unavailable)
rNeg    . . .        d - +0 ring mail
rPois   .            (no helmet)
rElec   .            (no cloak)
rCorr   .            (no gloves)
SInv    .            (no boots)
Will    +....        (no amulet)
Stlth   +            f - ring of willpower
HPRegen 0.24/turn    i - +6 ring of strength
MPRegen 0.10/turn

%: no passive effects
@: about to teleport, hasted, drained, very quick
A: no striking features
a: no special abilities


You were on level 3 of the Dungeon.
You visited 1 branch of the dungeon, and saw 4 of its levels.

You collected 111 gold pieces.


   Skills:
 - Level 1.5 Fighting
 + Level 8.4 Ranged Weapons
 - Level 2.4 Dodging
 - Level 1.2 Stealth


You had 4 spell levels left.
You didn't know any spells.
Your spell library was empty.

Inventory:

Hand Weapons
 a - a +0 shortbow (weapon)
Armour
 d - a +0 ring mail (worn)
Jewellery
 f - a ring of willpower (left hand)
 i - a +6 ring of strength (right hand)
Potions
 e - 2 potions of heal wounds
 j - a potion of curing {unknown}

Dungeon Overview and Level Annotations

Branches:
Dungeon (4/15)
 Temple: D:4-7

Altars:
Ashenzari
Zin

Annotations:
D:3 Edmund


Message History

An adder comes into view.
You shoot an arrow. The arrow hits the adder.
The adder is severely wounded.
You shoot an arrow. The arrow hits the adder.
You kill the adder!
You have reached level 5!
You shoot an arrow. The arrow hits Edmund.
Edmund is lightly wounded.
You shoot an arrow. The arrow hits Edmund!
Edmund is lightly wounded.
2286 ||| STAIRDANCE Edmund asks, "Have you met my wondrous brother?"
Edmund zaps a wand.
The puff of flame hits you!
You climb upwards.
There is a stone staircase leading down here.
You shoot an arrow. The arrow hits Edmund.
Edmund is moderately wounded.
Edmund hits you with a +4 flail of draining.
You feel drained.
You shoot an arrow.
The arrow hits Edmund but does no damage.
Edmund is moderately wounded.
You shoot an arrow. The arrow barely misses Edmund.
Edmund barely misses you.
You shoot an arrow. The arrow completely misses Edmund.
Edmund barely misses you.
You shoot an arrow. The arrow hits Edmund.
Edmund is moderately wounded.
You shoot an arrow. The arrow hits Edmund.
Edmund is moderately wounded.
Edmund barely misses you.
You shoot an arrow. The arrow barely misses Edmund.
Edmund hits you with a +4 flail of draining!
You feel drained.
2295 ||| READING scroll of teleportation.
As you read the scroll of teleportation, it crumbles to dust.
You feel strangely unstable.
Edmund zaps a wand.
The puff of flame hits you.
You die...
Edmund says, "That'll show my brother!"

......#%#!##.#######.......#.....
......#.#.##.......#.......#.....
......#.#.########.#..:....#...#.
.....##.#.# #.#.......'...#.
......#.#.########.#.#.....#####.
......#..........#.#........##...
..........######.#...............
..........##.....#####.....#....#
...........#.###@..........+....#
.........###.#..@..........#....#
.........# #.#............##....#
.........# #..........#.#........
########## ####.....#.#.#.#######
#.......#)#########
##'######.........#
#######................#
#........###...........#


You could see Edmund.

Vanquished Creatures
  A hound (D:3)
  Jessica (D:2)
  3 adders
  A dart slug (D:1)
  4 ball pythons
  8 endoplasms
  A giant cockroach (D:3)
  3 goblins
  7 hobgoblins
  2 jackals (D:3)
  A quokka (D:2)
  6 bats
  2 frilled lizards (D:1)
  8 kobolds
  A rat (D:2)
49 creatures vanquished.

Notes
Turn   | Place    | Note
-------+----------+-------------------------------------------
     0 | D:1      | qw the Deep Elf Hunter began the quest for the Orb.
     0 | D:1      | Reached XP level 1. HP: 12/12 MP: 3/3
     0 | D:1      | 0 ||| qw: Version: 0.3-a-157-g843a77d
     0 | D:1      | 0 ||| qw: Game counter: 3659
     0 | D:1      | 0 ||| qw: Melee chars always use a shield: true
     0 | D:1      | 0 ||| qw: God list: Okawaru
     0 | D:1      | 0 ||| qw: Allow faded altars: false
     0 | D:1      | 0 ||| qw: Do Orc after clearing Dungeon:15 true
     0 | D:1      | 0 ||| qw: Do second Lair branch before Depths: true
     0 | D:1      | 0 ||| qw: Lair rune preference: random
     0 | D:1      | 0 ||| qw: Goals: Normal
     0 | D:1      | 0 ||| PLANNING D:1-11
   113 | D:1      | Reached XP level 2. HP: 16/16 MP: 4/4
   122 | D:1      | Reached skill level 6 in Ranged Weapons
   368 | D:1      | 368 ||| READING scroll labelled SOCEAL ARAOB.
   369 | D:1      | 369 ||| READING 2 scrolls labelled JUBEV YDYESS.
   369 | D:1      | 369 ||| IDENTIFYING cyan potion
   370 | D:1      | 370 ||| READING scroll of identify.
   370 | D:1      | 370 ||| IDENTIFYING dark potion
   371 | D:1      | 371 ||| READING scroll labelled QYPPEUDWAS.
   472 | D:1      | 472 ||| DROPPING scroll of butterflies.
   473 | D:1      | 473 ||| DROPPING potion of ambrosia.
   576 | D:2      | Reached XP level 3. HP: 20/20 MP: 5/5
   810 | D:2      | Reached skill level 7 in Ranged Weapons
  1044 | D:2      | Found a glowing silver altar of Zin.
  1124 | D:2      | Noticed Jessica
  1130 | D:2      | Killed Jessica
  1131 | D:2      | Reached XP level 4. HP: 25/25 MP: 6/6
  1390 | D:2      | 1390 ||| UPGRADING to ring of willpower.
  1391 | D:2      | 1391 ||| UPGRADING to +6 ring of strength.
  1392 | D:2      | 1392 ||| READING scroll labelled MIHAKHLULOA.
  1393 | D:2      | 1393 ||| READING scroll labelled PERAAG QEAQIUH.
  1393 | D:2      | 1393 ||| ENCHANTING +0 shortbow.
  1394 | D:2      | 1394 ||| READING 2 scrolls labelled FASUUSH PESS.
  1910 | D:3      | Reached skill level 8 in Ranged Weapons
  2085 | D:3      | Found a broken altar of Ashenzari.
  2251 | D:3      | 2251 ||| UPGRADING to +0 ring mail.
  2261 | D:3      | 2261 ||| DROPPING +0 leather armour.
  2262 | D:3      | 2262 ||| READING 2 scrolls of identify.
  2262 | D:3      | 2262 ||| IDENTIFYING orange potion
  2263 | D:3      | 2263 ||| READING scroll of identify.
  2263 | D:3      | 2263 ||| IDENTIFYING fizzy ruby potion
  2264 | D:3      | 2264 ||| DROPPING potion of magic.
  2279 | D:4      | Noticed Edmund
  2279 | D:4      | Noticed a black bear
  2280 | D:4      | 2280 ||| DRINKING potion of haste.
  2284 | D:4      | Reached XP level 5. HP: 29/29 MP: 7/7
  2286 | D:4      | 2286 ||| STAIRDANCE
  2294 | D:3      | HP: 3/28 [Edmund/+4 flail of draining (10)]
  2294 | D:3      | HP: 1/27 [Edmund/+4 flail of draining (2)]
  2295 | D:3      | 2295 ||| READING scroll of teleportation.
  2295 | D:3      | Killed from afar by Edmund

Levels and vault maps discovered:
D:1:      eino_arrival_tree_alley, layout_rooms
D:2:      layout_basic, basic_altar, serial_bayou_pond_e, uniq_jessica
D:3:      layout_basic, lemuel_coloured_pillars_altar
D:4:      layout_cave_pools, hangedman_abyss_or_decor_stagger, uniq_edmund,
          uniq_eustachio

Skill      XL: |  1  2  3  4 |
---------------+-------------+-----
Ranged Weapons | 6 7 8 |  8.4
Fighting       | |  1.5
Dodging        | |  2.4
Stealth        | |  1.2

Action                     |  1- 3 |  4- 6 || total
---------------------------+-------+-------++-------
   Fire: Shortbow          |   107 |    42 ||   149
    Use: Scroll            |     4 |     6 ||    10
         Potion            |       |     1 ||     1
 Armour: Leather armour    |    14 |     4 ||    18
         Ring mail         |       |     4 ||     4
  Dodge: Dodged            |    18 |     9 ||    27

Table legend:
 A = Non-vault XP
 B = Vault XP
 C = Vault XP percentage of total XP
 D = Non-vault monster count
 E = Vault monster count
 F = Vault count percentage of total count
                 A         B        C        D         E       F
            +---------+---------+-------+---------+---------+-------
      Total |     162 |      37 |  18.6 |      48 |       1 |   2.0
            +---------+---------+-------+---------+---------+-------
        D:1 |      31 |       0 |   0.0 |      17 |       0 |   0.0
        D:2 |      63 |      37 |  37.0 |      23 |       1 |   4.2
        D:3 |      55 |       0 |   0.0 |       7 |       0 |   0.0
        D:4 |      13 |       0 |   0.0 |       1 |       0 |   0.0
            +---------+---------+-------+---------+---------+-------
